 Dungeon Crawl Stone Soup version 0.31-a0-841-g038b102fc3 (webtiles) character file.

Game seed: 5120257898309699228

5556 Dittersdorf the Blocker (level 10, -2/66 HPs)
             Began as a Gargoyle Fighter on Sept 27, 2023.
             Was an Elder of Okawaru.
             Slain by a gnoll sergeant
             ... wielding a +0 spear of venom
              (6 damage)
             ... on level 8 of the Dungeon.
             The game lasted 00:14:00 (6982 turns).

Dittersdorf the Blocker (Gargoyle Fighter)          Turns: 6982, Time: 00:14:01

Health: -2/66      AC: 22    Str: 25    XL:     10   Next: 71%
Magic:  10/10      EV:  8    Int:  8    God:    Okawaru [****..]
Gold:   364        SH:  7    Dex:  9    Spells: 9/9 levels left

rFire   . . .        a - +0 flail (spect)
rCold   + + .        c - +1 buckler
rNeg    + + .        p - +0 chain mail
rPois   ∞            i - +0 helmet
rElec   +            z - +0 cloak
rCorr   .            v - +0 pair of gloves
SInv    +            (no boots)
Will    .....        (no amulet) Stlth
                     q - ring of positive energy
HPRegen 0.31/turn    e - ring of Suosh {rC++ SInv}
MPRegen 0.12/turn

%: no passive effects
@: no status effects
A: sickness immunity, AC +7, negative energy resistance 1, electricity
resistance, torment resistance 1, petrification resistance
a: Renounce Religion, Heroism, Finesse


You were on level 8 of the Dungeon.
You worshipped Okawaru.
Okawaru was greatly pleased with you.
You visited 2 branches of the dungeon, and saw 9 of its levels.

You collected 364 gold pieces.

Inventory:

Hand Weapons
 a - a +0 spectral flail (weapon)
Missiles
 f - a curare-tipped dart (quivered)
 g - a throwing net
Armour
 c - a +1 buckler (worn)
 i - a +0 helmet (worn)
 p - a +0 chain mail (worn)
 v - a +0 pair of gloves (worn)
 z - a +0 cloak (worn)
Jewellery
 e - the ring of Suosh (right hand) {rC++ SInv}
   (You acquired it on level 4 of the Dungeon)

   [ring of see invisible]

   rC++:      It greatly protects you from cold.
   SInv:      It lets you see invisible.
 q - a ring of positive energy (left hand)
 u - a +5 ring of evasion
 x - a ring of ice
Wands
 m - a wand of mindburst (9)
 t - a wand of roots (10)
Scrolls
 j - 5 scrolls of poison
 l - 2 scrolls of teleportation
 s - 2 scrolls of enchant armour
Potions
 d - 7 potions of might
 h - a potion of invisibility
 k - 3 potions of heal wounds
 n - a potion of enlightenment
 o - 3 potions of curing
 r - 3 potions of haste
 w - 2 potions of degeneration {unknown}


   Skills:
 + Level 9.2 Fighting
 + Level 8.1 Maces & Flails
 + Level 9.3 Armour
 + Level 9.3 Shields


You had 9 spell levels left.
You didn't know any spells.
Your spell library contained the following spells:

 Spells                   Type           Power      Damage    Failure   Level
 Static Discharge         Conj/Air       0%         2-2/arc   97%         2
 Dazzling Flash           Conj/Hex       0%         N/A       99%         3
 Volatile Blastmotes      Fire/Tloc      0%         2d10      99%         3
 Airstrike                Air            0%         2d(0-16)  100%        4
 Vhi's Electric Charge    Tloc/Air       0%         N/A       100%        4
 Arcjolt                  Conj/Air       0%         1d10      100%        5
 Starburst                Conj/Fire      0%         6d3       100%        6
 Maxwell's Capacitive Co  Air            0%         ∞         100%        8
 Summon Lightning Spire   Summ/Air       Unusable   N/A       N/A         4

Dungeon Overview and Level Annotations

Branches:
Dungeon (8/15)             Temple (1/1) D:4
   Lair: D:8-11

Altars:
Ashenzari
Cheibriados
Dithmenos
Elyvilon
Fedhas
Gozag
Kikubaaqudgha
Makhleb
Okawaru
Qazlal
Ru
Sif Muna
Trog
Uskayaw
Vehumet
Wu Jian
Xom
Yredelemnul
Zin
The Shining One

Shops:
D:1 [[[!=   D:7 ?


Innate Abilities, Weirdness & Mutations

You are immune to sickness and miasma.
Your stone body is resilient. (AC +7)
You are immune to poison.
You resist negative energy. (rN+)
You are resistant to electric shocks. (rElec)
You are resistant to unholy torment.
You are immune to petrification.


Message History

You block the gnoll sergeant's attack. The gnoll sergeant blocks your attack.
The gnoll sergeant is lightly wounded.
The gnoll sergeant hits you with a +0 spear of venom.
* * * LOW HITPOINT WARNING * * *
You hit the gnoll sergeant but do no damage.
The gnoll sergeant is lightly wounded.
The gnoll sergeant hits you with a +0 spear of venom.
* * * LOW HITPOINT WARNING * * *
The gnoll sergeant blocks your attack.
The gnoll sergeant is lightly wounded.
You block the gnoll sergeant's attack.
You closely miss the gnoll sergeant.
The gnoll sergeant is lightly wounded.
The gnoll sergeant hits you but does no damage.
The gnoll sergeant blocks your attack.
The gnoll sergeant is lightly wounded.
The gnoll sergeant hits you with a +0 spear of venom!
* * * LOW HITPOINT WARNING * * *
You hit the gnoll sergeant but do no damage.
The gnoll sergeant is lightly wounded.
The gnoll sergeant closely misses you.
You barely miss the gnoll sergeant.
The gnoll sergeant is lightly wounded.
The gnoll sergeant barely misses you.
You barely miss the gnoll sergeant.
The gnoll sergeant is lightly wounded.
You block the gnoll sergeant's attack.
You hit the gnoll sergeant.
The gnoll sergeant is moderately wounded.
The gnoll sergeant hits you with a +0 spear of venom.
* * * LOW HITPOINT WARNING * * *
You hit the gnoll sergeant.
The gnoll sergeant is heavily wounded.
You hear the brisk hiss of a very distant avalanche of sand.
You block the gnoll sergeant's attack. The gnoll sergeant blocks your attack.
The gnoll sergeant is heavily wounded.
The gnoll sergeant hits you with a +0 spear of venom.
You die...

# #.###...# ...... ## #.....#.#
...... .## #....##.# #...... ..##
#....##.# ....... ...#
#.###....##.# ..P.... ...#
...........# .P....:
.#.#######....##.##.......
##....)...)....)))).......
###########..###@##.......P......
# ### #.## #g# .......P.....#
#...# #... #.# ..............
....# #..... #.# .###.........#
#...# ........... ..........<..#
.......##......... .............#
....... .......... .....(..).....
....... #.... ..........# ..#####
..........#


You could see a gnoll sergeant.

Vanquished Creatures
  A two-headed ogre (D:7)
  A gargoyle (D:7)
  Jeremiah (D:7)
  A troll (D:7)
  A hornet (D:6)
  Prince Ribbit (D:7)
  A vampire (D:6)
  A vampire mosquito (D:6)
  2 water moccasins
  2 ice beasts
  A black bear (D:5)
  An orc warrior (D:8)
  2 ogres
  4 centaurs
  3 phantoms
  A kobold brigand (D:7)
  3 bullfrogs
  12 scorpions
  2 wights
  2 jellies (D:6)
  A killer bee (D:6)
  4 howler monkeys
  3 orc priests
  A gnoll bouda (D:6)
  6 hounds
  2 iguanas
  Terence (D:3)
  4 orc wizards
  Robin (D:4)
  15 gnolls
  4 adders
  A shadow imp (D:7)
  3 white imps
  2 ufetubi
  5 dart slugs
  21 orcs
  6 endoplasms
  4 giant cockroaches
  21 goblins
  8 hobgoblins
  10 kobolds
  4 quokkas
  7 ball pythons
  5 bats
  16 frilled lizards
  5 rats
  A spectral orc (D:7)
204 creatures vanquished.

Notes
Turn   | Place    | Note
-------+----------+-------------------------------------------
     0 | D:1      | Dittersdorf the Gargoyle Fighter began the quest for the
                  | Orb.
     0 | D:1      | Reached XP level 1. HP: 14/14 MP: 1/1
   167 | D:1      | Found Rumoyseh's Antique Armour Shoppe.
   173 | D:1      | Found Ojooseim's Armour Boutique.
   186 | D:1      | Reached XP level 2. HP: 19/19 MP: 2/2
   223 | D:1      | Found Fyroob's Distillery.
   299 | D:1      | Reached XP level 3. HP: 23/23 MP: 3/3
   334 | D:1      | Found Seffoc's Antique Armour Shop.
   426 | D:1      | Found Xiojoij's Jewellery Emporium.
   868 | D:2      | Reached XP level 4. HP: 29/29 MP: 4/4
  1499 | D:2      | Reached XP level 5. HP: 23/33 MP: 5/5
  1776 | D:3      | Found a snail-covered altar of Cheibriados.
  1848 | D:3      | Noticed Terence
  1857 | D:3      | Killed Terence
  2143 | D:3      | Found a shimmering blue altar of Sif Muna.
  2382 | D:4      | Identified a scroll of acquirement
  2382 | D:4      | Acquired the ring of Suosh {rC++ SInv}
  2388 | D:4      | Found a shadowy altar of Dithmenos.
  2442 | D:4      | Reached XP level 6. HP: 16/39 MP: 6/6
  2856 | D:4      | Found a bloodstained altar of Trog.
  2883 | D:4      | Found a staircase to the Ecumenical Temple.
  2897 | Temple   | Entered the Ecumenical Temple
  2901 | Temple   | Became a worshipper of Warmaster Okawaru
  2972 | D:4      | Reached skill level 5 in Shields
  3050 | D:4      | Reached skill level 5 in Fighting
  3050 | D:4      | Reached skill level 5 in Armour
  3057 | D:4      | Reached XP level 7. HP: 10/44 MP: 7/7
  3361 | D:4      | Noticed Robin
  3379 | D:4      | Killed Robin
  3772 | D:5      | Entered Level 5 of the Dungeon
  3838 | D:5      | Reached * piety under Okawaru
  3852 | D:5      | Reached XP level 8. HP: 49/51 MP: 8/8
  3948 | D:5      | Reached skill level 5 in Maces & Flails
  4224 | D:5      | Found a burning altar of Makhleb.
  4422 | D:6      | Found a runed translucent door.
  4424 | D:6      | Found a runed translucent door.
  4573 | D:6      | Identified the +10 lajatang of Hacking and Slashing
                  | {protect, Str+2 Int+3}
  5221 | D:6      | Reached ** piety under Okawaru
  5234 | D:6      | Reached XP level 9. HP: 52/56 MP: 9/9
  5412 | D:7      | Found Fesk's Magic Scroll Emporium.
  5438 | D:7      | Noticed Prince Ribbit
  5439 | D:7      | Noticed a gargoyle
  5441 | D:7      | Found a sacrificial altar of Ru.
  5450 | D:7      | Killed a gargoyle
  5450 | D:7      | Reached *** piety under Okawaru
  5627 | D:7      | Noticed a two-headed ogre
  5629 | D:7      | Noticed a troll
  5634 | D:7      | Killed a two-headed ogre
  5634 | D:7      | Reached **** piety under Okawaru
  5634 | D:7      | Noticed a hornet
  5637 | D:7      | Killed a troll
  5638 | D:7      | Reached XP level 10. HP: 42/64 MP: 10/10
  6003 | D:7      | Killed Prince Ribbit
  6114 | D:7      | Noticed Jeremiah
  6127 | D:7      | Killed Jeremiah
  6482 | D:7      | Found a basalt altar of Yredelemnul.
  6565 | D:7      | Found a white marble altar of Elyvilon.
  6785 | D:8      | HP: 2/66 [wight/+0 short sword (6)]
  6980 | D:8      | HP: 3/66 [gnoll sergeant/+0 spear of venom (3)]
  6982 | D:8      | Slain by a gnoll sergeant

Illustrated notes

Levels and vault maps discovered:
D:1:      heliophobic_arrival_glass_houses, layout_basic, serial_shops,
          nicolae_shop_statue_plus, nicolae_shop_temple_entry_statues_fountains,
          shop, nicolae_shop_industrial_runoff, shop
D:2:      wander_river, layout_rooms
D:3:      minmay_chambers_of_twos, layout_basic, kennysheep_slug_shrine,
          mainiacjoe_overflow_paths, roderic_nine_men_s_morris,
          minmay_lizard_king, uniq_terence
D:4:      layout_loops_cross, general_overflow_altar,
          mainiacjoe_overflow_24_doors, minmay_temple_entry_statues_pillars,
          uniq_robin
D:5:      layout_basic, lightli_temple_of_fire
D:6:      lemuel_insect_pit, layout_basic
D:7:      layout_gridville, kennysheep_mini_moat,
          yredelemnul_forgotten_temple_becter,
          nicolae_ru_great_annihilating_truth, serial_shops, shop,
          kb_lookout_dungeons_type, st_stairs_10, minmay_chambers_of_fives,
          uniq_prince_ribbit1, uniq_jeremiah
D:8:      layout_loops_ring, nicolae_ossuary_entry_plus, nicolae_grassy_gnolls
Temple:   hellmonk_temple_two_chambers

Skill      XL: |  1  2  3  4  5  6  7  8  9 10 |
---------------+-------------------------------+-----
Shields        | 4 5 6 8 9 |  9.3
Fighting       | 4 5 6 8 9 |  9.2
Armour         | 4 5 6 8 9 |  9.3
Maces & Flails | 3 4 5 7 8 |  8.1

Action                     |  1- 3 |  4- 6 |  7- 9 | 10-12 || total
---------------------------+-------+-------+-------+-------++-------
  Melee: Flail             |    91 |   188 |   234 |   190 ||   703
 Invoke: Heroism           |       |       |       |     3 ||     3
    Use: Scroll            |       |     7 |     7 |     3 ||    17
   Stab: Paralysed         |       |       |       |     1 ||     1
 Armour: Scale mail        |    71 |   161 |   181 |   165 ||   578
         Chain mail        |       |       |       |    38 ||    38
  Dodge: Dodged            |    58 |    89 |    94 |    85 ||   326
  Block: Buckler           |    27 |    52 |    69 |    83 ||   231

Table legend: (Time is in decaauts)
 A = Elapsed time spent in this place.
 B = Non-inter-level travel time spent in this place.
 C = Inter-level travel time spent in this place.
 D = Time resting spent in this place.
 E = Time spent auto-exploring this place.
 F = Levels seen in this place.
 G = Mean time per level.
                   A        B        C        D        E       F      G
               +--------+--------+--------+--------+--------+-----+--------+
         Total |   7126 |   6713 |    413 |   1226 |   3731 |   9 |  791.8 |
       Dungeon |   7117 |   6710 |    407 |   1226 |   3731 |   8 |  889.6 |
        Temple |      8 |      2 |      6 |      0 |      0 |   1 |    8.0 |
               +--------+--------+--------+--------+--------+-----+--------+

Top non-repeatable levels by time:
     D:6: 1603 daAuts
     D:3: 1226 daAuts
     D:4: 1179 daAuts
     D:1: 869 daAuts
     D:7: 847 daAuts
     D:2: 597 daAuts
     D:5: 580 daAuts
     D:8: 214 daAuts
  Temple: 8 daAuts
